 Dungeon Crawl Stone Soup version 0.29-a0-231-g945431f764 (webtiles) character file.

Game seed: 14538511928370174133

109 pascalblue the Gusty (level 4, -1/24 HPs)
             Began as a Tengu Air Elementalist on Feb 28, 2022.
             Slain by Crazy Yiuf
             ... wielding a +4 quarterstaff of chaos
              (15 damage)
             ... on level 3 of the Dungeon.
             The game lasted 00:08:53 (3540 turns).

pascalblue the Gusty (Tengu Air Elementalist)       Turns: 3540, Time: 00:08:55

Health: -1/24      AC:  7    Str:  8    XL:     4   Next: 89%
Magic:  3/9        EV: 12    Int: 17    God:
Gold:   173        SH:  0    Dex: 15    Spells: 2/8 levels left

rFire   . . .      SeeInvis .   i - +0 dagger
rCold   . . .      Faith    .   (no shield)
rNeg    . . .      Spirit   .   a - +0 robe
rPois   .          Reflect  .   (helmet restricted)
rElec   .          Harm     .   (no cloak)
rCorr   .          Rampage  .   b - +0 pair of gloves
Will    .....                   (boots unavailable)
Stlth   ++........              (no amulet)
HPRegen 0.08/turn               j - +4 ring of protection
MPRegen 0.11/turn               (no ring)

@: very slightly contaminated
A: beak, talons 3
a: no special abilities


You were on level 3 of the Dungeon.
You visited 1 branch of the dungeon, and saw 3 of its levels.

You collected 173 gold pieces.

Inventory:

Hand Weapons
 h - a +0 club
 i - a +0 dagger (weapon)
Armour
 a - a +0 robe (worn)
 b - a +0 pair of gloves (worn)
Jewellery
 j - a +4 ring of protection (left hand)
Wands
 l - a wand of digging (7)
Scrolls
 e - 2 scrolls of fog {unknown}
 k - a scroll of amnesia
Potions
 c - a potion of mutation {unknown}
 d - a potion of haste {unknown}
 f - a potion of ambrosia {unknown}
 g - a potion of attraction {unknown}


   Skills:
 - Level 2.1 Dodging
 - Level 2.0 Stealth
 + Level 2.8 Spellcasting
 + Level 3.1 Conjurations
 * Level 5.8 Air Magic


You had 2 spell levels left.
You knew the following spells:

 Your Spells              Type           Power      Damage    Failure   Level
a - Shock                 Conj/Air       68%        1d7       2%          1
b - Static Discharge      Conj/Air       17%        N/A       4%          2
c - Swiftness             Air            22%        N/A       4%          3

Your spell library contained the following spells:

 Spells                   Type           Power      Damage    Failure   Level
 Airstrike                Air            11%        N/A       16%         4
 Ozocubu's Armour         Ice            2%         N/A       47%         3
 Metabolic Englaciation   Hex/Ice        1%         N/A       99%         5
 Simulacrum               Ice/Necr       1%         N/A       100%        6


Dungeon Overview and Level Annotations

Branches:
Dungeon (3/15)

Altars:

Annotations:
D:3 Crazy Yiuf


Innate Abilities, Weirdness & Mutations

You have a beak for a mouth.
You have claws for feet.


Message History

Casting: Shock (safe; 2% risk of failure)
Confirm with . or Enter, or press ? or * to list all spells.
Aiming: Shock (safe; 2% risk of failure)
Press: ? - help, Shift-Dir - straight line The zap hits the rat.
You kill the rat!
There is an escape hatch in the floor here.
Crazy Yiuf shouts!
Casting: Shock (safe; 2% risk of failure)
Confirm with . or Enter, or press ? or * to list all spells.
Aiming: Shock (safe; 2% risk of failure)
Press: ? - help, Shift-Dir - straight line, f - Crazy Yiuf
Aim: Crazy Yiuf, wielding a +4 quarterstaff of chaos and wearing a +0 cloak (75% to hit)
The zap misses Crazy Yiuf.
Casting: Shock (safe; 2% risk of failure)
Confirm with . or Enter, or press ? or * to list all spells.
Aiming: Shock (safe; 2% risk of failure)
Press: ? - help, Shift-Dir - straight line, f/p - Crazy Yiuf
Aim: Crazy Yiuf, wielding a +4 quarterstaff of chaos and wearing a +0 cloak (75% to hit)
You miscast Shock.
You are very lightly contaminated with residual magic.
Nothing appears to happen.
Casting: Shock (safe; 2% risk of failure)
Confirm with . or Enter, or press ? or * to list all spells.
Crazy Yiuf is struck by an arc of lightning.
Crazy Yiuf is moderately wounded.
You are struck by an arc of lightning.
Crazy Yiuf is struck by an arc of lightning.
Crazy Yiuf is heavily wounded.
The lightning grounds out.
Crazy Yiuf laughs, "Lugonu!
Aardvark toodlewoodle childish."
Crazy Yiuf hits you with a +4 quarterstaff of chaos.
Casting: Static Discharge (safe; 4% risk of failure)
Confirm with . or Enter, or press ? or * to list all spells.
Crazy Yiuf is struck by an arc of lightning.
Crazy Yiuf is severely wounded.
You are struck by an arc of lightning.
The lightning grounds out.
Crazy Yiuf hits you with a +4 quarterstaff of chaos!
Ouch! That really hurt!
You die...

# #.###.#......#####.# #
#.# #.#.>....#.....# #
#.# #........#.##### #
#.# ##.#.#####.# # #.#
#.#.# #.# ###.## #...#
#.# .....# ##..#####.#
.....# #......##.#
.....# #......##@######
..<..# #.........g....#
()...###.......######.##
.....##....>...# #..#
.............### ##.#
..........)..# #.#
.............# #.#
####..######## #.# #..#
#.#


You could see Crazy Yiuf.

Vanquished Creatures
  An orc priest (D:2)
  A gnoll (D:1)
  An adder (D:2)
  2 worms
  5 orcs
  4 ball pythons
  2 endoplasms (D:1)
  3 giant cockroaches
  4 goblins
  3 hobgoblins
  4 jackals (D:2)
  5 quokkas
  A bat (D:3)
  A frilled lizard (D:2)
  6 kobolds
  3 rats
46 creatures vanquished.

Vanquished Creatures (others)
  2 fungi (D:3)
2 creatures vanquished.

Grand Total: 48 creatures vanquished

Notes
Turn   | Place    | Note
-------+----------+-------------------------------------------
     0 | D:1      | pascalblue the Tengu Air Elementalist began the quest for
                  | the Orb.
     0 | D:1      | Reached XP level 1. HP: 10/10 MP: 4/4
   376 | D:1      | Reached XP level 2. HP: 12/15 MP: 1/6
   480 | D:1      | Learned a level 2 spell: Static Discharge
   812 | D:1      | Found a faded altar of an unknown god.
  1199 | D:2      | Reached XP level 3. HP: 19/19 MP: 4/7
  1203 | D:2      | Learned a level 3 spell: Swiftness
  1317 | D:2      | Reached skill level 5 in Air Magic
  2343 | D:3      | Reached XP level 4. HP: 24/24 MP: 2/8
  2934 | D:3      | Found a runed translucent door.
  2935 | D:3      | Noticed Crazy Yiuf
  3540 | D:3      | Slain by Crazy Yiuf

Illustrated notes

Levels and vault maps discovered:
D:1:      lightli_arrival_boilingwater, layout_basic,
          shapermc_ecumenical_altar_hornbeckon
D:2:      layout_basic
D:3:      layout_basic, uniq_crazy_yiuf_cottage

Skill      XL: |  1  2  3  4 |
---------------+-------------+-----
Conjurations   | 2 3 |  3.1
Air Magic      | 5 |  5.8
Dodging        | |  2.1
Stealth        | |  2.0
Spellcasting   | |  2.8

Action                   |  1- 3 |  4- 6 || total
-------------------------+-------+-------++-------
Melee: Club              |     2 |       ||     2
       Unarmed           |     2 |       ||     2
       Dagger            |    12 |     2 ||    14
       Peck              |     3 |       ||     3
       Kick              |     3 |     2 ||     5
 Cast: Shock             |    91 |    36 ||   127
       Static Discharge  |       |     3 ||     3
  Use: Scroll            |     4 |     1 ||     5
Armor: Robe              |     9 |     3 ||    12
Dodge: Dodged            |    17 |    13 ||    30

Table legend: (Time is in decaauts)
 A = Elapsed time spent in this place.
 B = Non-inter-level travel time spent in this place.
 C = Inter-level travel time spent in this place.
 D = Time resting spent in this place.
 E = Time spent auto-exploring this place.
 F = Levels seen in this place.
 G = Mean time per level.
                   A        B        C        D        E       F      G
               +--------+--------+--------+--------+--------+-----+--------+
         Total |   3553 |   3437 |    116 |    699 |   2389 |   3 | 1184.3 |
       Dungeon |   3553 |   3437 |    116 |    699 |   2389 |   3 | 1184.3 |
               +--------+--------+--------+--------+--------+-----+--------+

Top non-repeatable levels by time:
     D:2: 1570 daAuts
     D:1: 1158 daAuts
     D:3: 824 daAuts
